 Dungeon Crawl Stone Soup version 0.27-a0-1334-g2746e35aca (webtiles) character file.

Game seed: 17115704268003743955

10648 miket3c the Blocker (level 11, -9/97 HPs)
             Began as a Minotaur Fighter on June 26, 2021.
             Was an Initiate of Ru.
             Mangled by a seven-headed hydra (12 damage)
             ... on level 10 of the Dungeon.
             The game lasted 00:18:19 (14414 turns).

miket3c the Blocker (Minotaur Fighter)             Turns: 14414, Time: 00:18:20

Health: -9/97      AC: 16    Str: 30    XL:     11   Next: 38%
Magic:  10/10      EV:  7    Int:  4    God:    Ru [......]
Gold:   400        SH: 15    Dex:  9    Spells: 10/10 levels left

rFire    . . .     SeeInvis .   f - +0 morningstar (venom)
rCold    + + .     Faith    .   v - +2 kite shield {rC+}
rNeg     . . .     Spirit   .   w - +1 plate armour
rPois    .         Reflect  .   (helmet restricted)
rElec    .         Harm     .   t - +0 cloak
rCorr    .         Rampage  .   (no gloves)
Will     .....                  (no boots)
Stlth    ..........             (no amulet)
HPRegen  0.26/turn              A - +6 ring of strength
MPRegen  0.12/turn              C - ring of protection from cold

@: mighty
A: horns 2, dopey 1, retaliatory headbutt
a: Renounce Religion


You were on level 10 of the Dungeon.
You worshipped Ru.
Ru was noncommittal.
You visited 2 branches of the dungeon, and saw 11 of its levels.

You collected 617 gold pieces.
You spent 217 gold pieces at shops.

Inventory:

Hand Weapons
 f - a +0 morningstar of venom (weapon)
 k - a +0 morningstar
 y - a +5 long sword
 z - a +5 flail
Missiles
 q - 10 boomerangs (quivered)
 B - a curare-tipped dart
Armour
 t - a +0 cloak (worn)
 v - a +2 kite shield of cold resistance (worn)
 w - a +1 plate armour (worn)
Jewellery
 A - a +6 ring of strength (left hand)
 C - a ring of protection from cold (right hand)
 F - a +6 ring of strength
Wands
 b - a wand of paralysis (6)
 x - a wand of flame (31)
 E - a wand of polymorph (2)
Scrolls
 c - a scroll of fog
 m - 3 scrolls of amnesia
 p - a scroll of fear {unknown}
 s - 3 scrolls of blinking
 D - a scroll of enchant weapon
 G - 2 scrolls of teleportation
Potions
 a - 3 potions of lignification
 d - 2 potions of might
 e - 2 potions of berserk rage
 g - a potion of brilliance
 h - 4 potions of curing
 i - 5 potions of flight
 j - a potion of degeneration
 l - a potion of haste
 n - a potion of attraction
 o - 3 potions of invisibility
 r - a potion of magic
 u - a potion of heal wounds {unknown}
Miscellaneous
 H - a condenser vane


   Skills:
 + Level 9.5 Fighting
 * Level 12.4 Long Blades
 + Level 9.6 Armour
 * Level 12.7 Shields


You had 10 spell levels left.
You didn't know any spells.
Your spell library contained the following spells:

 Spells                   Type           Power      Damage    Failure   Level
 Beastly Appendage        Tmut           0%         N/A       99%         1
 Corona                   Hex            0%         N/A       99%         1
 Shock                    Conj/Air       0%         1d3       99%         1
 Sting                    Tmut/Pois      0%         1d3       99%         1
 Ensorcelled Hibernation  Hex/Ice        0%         N/A       100%        2
 Poisonous Vapours        Pois/Air       0%         N/A       100%        2
 Static Discharge         Conj/Air       0%         N/A       100%        2
 Wereblood                Tmut           0%         N/A       100%        2
 Confusing Touch          Hex            0%         N/A       100%        3
 Dazzling Flash           Conj/Hex       0%         N/A       100%        3
 Ignite Poison            Fire/Tmut/Pois 0%         N/A       100%        3
 Mephitic Cloud           Conj/Pois/Air  0%         N/A       100%        3
 Spider Form              Tmut/Pois      0%         N/A       100%        3
 Swiftness                Air            0%         N/A       100%        3
 Tukima's Dance           Hex            0%         N/A       100%        3
 Airstrike                Air            0%         N/A       100%        4
 Ice Form                 Ice/Tmut       0%         N/A       100%        4
 Olgreb's Toxic Radiance  Pois           0%         N/A       100%        4
 Lightning Bolt           Conj/Air       0%         1d11      100%        5


Dungeon Overview and Level Annotations

Branches:
Dungeon (10/15)            Temple (1/1) D:4            Lair (0/6) D:10
    Orc: D:9-12

Altars:
Elyvilon
Kikubaaqudgha
Makhleb
Nemelex Xobeh
Qazlal
Ru
Trog
Uskayaw
Vehumet
Wu Jian
Xom
Zin

Shops:
D:1 (   D:8 =[[!

Annotations:
D:6 3 runed translucent doors, bits's ghost, amateur DDNe


Innate Abilities, Weirdness & Mutations

You have a pair of horns on your head.
You are dopey. (Int -2)
You reflexively headbutt those who attack you in melee.


Message History

The seven-headed hydra is heavily wounded.
The seven-headed hydra bites you but does no damage.
You block the seven-headed hydra's attack.
The seven-headed hydra barely misses you.
The seven-headed hydra bites you.
You block the seven-headed hydra's attack.
The seven-headed hydra bites you but does no damage. x2
The seven-headed hydra bites you.
The seven-headed hydra barely misses you.
You block the seven-headed hydra's attack.
The seven-headed hydra bites you!
The seven-headed hydra bites you but does no damage.
The seven-headed hydra barely misses you.
The seven-headed hydra closely misses you.
You puncture the seven-headed hydra!
The seven-headed hydra is heavily wounded.
You block the seven-headed hydra's attack.
The seven-headed hydra bites you! x5
* * * LOW HITPOINT WARNING * * *
The seven-headed hydra completely misses you.
You barely miss the seven-headed hydra. You headbutt the seven-headed hydra!!
The seven-headed hydra is almost dead.
You block the seven-headed hydra's attack.
The seven-headed hydra bites you but does no damage.
You block the seven-headed hydra's attack.
The seven-headed hydra bites you but does no damage.
The seven-headed hydra bites you.
* * * LOW HITPOINT WARNING * * *
The seven-headed hydra bites you but does no damage.
You block the seven-headed hydra's attack.
The seven-headed hydra bites you but does no damage.
The seven-headed hydra bites you.
* * * LOW HITPOINT WARNING * * *
The seven-headed hydra bites you!
* * * LOW HITPOINT WARNING * * *
The seven-headed hydra bites you but does no damage.
The seven-headed hydra bites you.
* * * LOW HITPOINT WARNING * * *
The seven-headed hydra bites you!
You die...

#.# #. #.# ##.
##### #.# #..
......#|##########
#..
###....#.......##
#..
#..........[....#
#..
#........#....##.
#..
#.....#..#.#)##
#.. ###......Z.D@#
##. #...#..#.###
## ###....#.# #
#....#.. #
#.....## #### #Z.
. #... ..######.##
...........
..######.##


You could see a seven-headed hydra and a centaur warrior zombie.

Vanquished Creatures
  Gastronok (D:8)
  A two-headed ogre (D:10)
  Joseph (D:7)
  4 gargoyles (D:7)
  Maggie (D:7)
  2 trolls
  Grinder (D:4)
  9 yaks
  A shadow (D:7)
  Menkaure (D:4)
  A steam dragon (D:9)
  2 vampire mosquitoes (D:7)
  An acid dragon (D:7)
  2 water moccasins
  3 orc warriors
  3 sky beasts
  2 necrophages
  2 ogres (D:7)
  3 centaurs
  2 phantoms
  A kobold brigand (D:8)
  3 bullfrogs
  3 scorpions
  A water moccasin zombie (D:5)
  A wyvern skeleton (D:7)
  A water moccasin skeleton (D:5)
  19 killer bees
  3 electric eels (D:8)
  3 wights (D:7)
  3 centaur zombies
  A bullfrog zombie (D:5)
  2 orc priests
  2 hounds
  A jelly (D:5)
  An iguana (D:5)
  A centaur skeleton (D:5)
  7 orc wizards
  A killer bee zombie (D:9)
  A howler monkey zombie (D:9)
  Robin (D:4)
  4 gnolls
  6 adders
  A shadow imp (D:7)
  3 white imps
  An adder skeleton (D:5)
  3 worms
  24 orcs
  6 endoplasms
  5 giant cockroaches
  15 goblins
  13 hobgoblins
  7 jackals
  2 quokkas
  7 ball pythons
  8 bats
  14 kobolds
  8 rats
226 creatures vanquished.

Vanquished Creatures (others)
  54 plants
54 creatures vanquished.

Grand Total: 280 creatures vanquished

Notes
Turn   | Place    | Note
-------+----------+-------------------------------------------
     0 | D:1      | miket3c the Minotaur Fighter began the quest for the Orb.
     0 | D:1      | Reached XP level 1. HP: 19/19 MP: 0/0
   184 | D:1      | Reached XP level 2. HP: 21/27 MP: 1/1
   614 | D:1      | Found Rymeus's Antique Weapon Boutique.
   840 | D:2      | Found a faded altar of an unknown god.
   844 | D:2      | Reached XP level 3. HP: 33/33 MP: 2/2
  1063 | D:2      | Found a sacrificial altar of Ru.
  1127 | D:2      | Became a worshipper of Ru the Awakened
  1510 | D:3      | Reached XP level 4. HP: 29/40 MP: 3/3
  2029 | D:3      | Reached XP level 5. HP: 46/46 MP: 4/4
  2172 | D:3      | You fall into a shaft and drop 1 floor!
  2188 | D:4      | Noticed a necrophage
  2195 | D:4      | Reached skill level 5 in Shields
  2199 | D:4      | Killed a necrophage
  2799 | D:4      | Noticed Grinder
  2812 | D:4      | Killed Grinder
  2813 | D:4      | Reached skill level 5 in Long Blades
  2813 | D:4      | Reached skill level 5 in Armour
  2813 | D:4      | Reached XP level 6. HP: 47/55 MP: 5/5
  3083 | D:4      | Found a staircase to the Ecumenical Temple.
  3090 | D:4      | Noticed Menkaure
  3095 | Temple   | Entered the Ecumenical Temple
  3097 | Temple   | Gained mutation: You are dopey. (Int -2) [Ru sacrifice]
  3106 | D:4      | Noticed Robin
  3118 | D:4      | Killed Menkaure
  3119 | D:4      | Reached skill level 5 in Fighting
  3119 | D:4      | Reached XP level 7. HP: 15/61 MP: 6/6
  3653 | D:4      | Killed Robin
  4213 | D:5      | Entered Level 5 of the Dungeon
  4987 | D:5      | Reached XP level 8. HP: 66/70 MP: 7/7
  5789 | D:6      | Found a runed translucent gate.
  5789 | D:6      | Found a runed translucent gate.
  5892 | D:6      | Found a runed translucent gate.
  5892 | D:6      | Noticed bits's ghost (amateur DDNe)
  6971 | D:7      | Reached XP level 9. HP: 42/78 MP: 8/8
  7384 | D:7      | Noticed Maggie
  7403 | D:7      | Killed Maggie
  8185 | D:7      | Noticed a gargoyle
  8222 | D:7      | Killed a gargoyle
  8223 | D:7      | Reached skill level 10 in Shields
  8585 | D:7      | Noticed Joseph
  8600 | D:7      | Killed Joseph
  8601 | D:7      | Reached skill level 10 in Long Blades
  8825 | D:7      | Noticed a gargoyle
  8837 | D:7      | Killed a gargoyle
  8838 | D:7      | Reached XP level 10. HP: 42/88 MP: 9/9
  9031 | D:7      | Noticed a gargoyle
  9039 | D:7      | Killed a gargoyle
  9234 | D:7      | Noticed a gargoyle
  9237 | D:7      | Killed a gargoyle
  9682 | D:8      | Found Huwkooff's Distillery.
  9682 | D:8      | Noticed Gastronok
  9865 | D:8      | Found Xuekk's Antique Armour Emporium.
  9867 | D:8      | Bought a shiny kite shield for 217 gold pieces
 10009 | D:8      | Killed Gastronok
 10225 | D:8      | Found Jown's Antique Armour Shop.
 10653 | D:8      | Found Wevvesif's Jewellery Shoppe.
 12500 | D:9      | Reached XP level 11. HP: 94/97 MP: 10/10
 12987 | D:9      | Found a hide-covered altar of Uskayaw.
 13542 | D:10     | Entered Level 10 of the Dungeon
 13555 | D:10     | Found a staircase to the Lair.
 14403 | D:10     | Noticed a two-headed ogre
 14406 | D:10     | Killed a two-headed ogre
 14406 | D:10     | Noticed a seven-headed hydra
 14414 | D:10     | HP: 3/97 [seven-headed hydra (4)]
 14414 | D:10     | Mangled by a seven-headed hydra

Illustrated notes

Levels and vault maps discovered:
D:1:      zelgadis_glass_arrival_small, layout_basic, serial_shops, shop,
          minmay_pentomino_z4
D:2:      layout_rooms, basic_ecumenical_altar, basic_altar
D:3:      layout_loops_cross, serial_bayou_crossing
D:4:      layout_rooms, minmay_temple_entry_statues, small_statue_intersection,
          grunt_decor_fettered, minmay_cupped, uniq_menkaure, uniq_robin,
          uniq_grinder
D:5:      layout_loops_cross, minmay_misc_feat_plants
D:6:      layout_loops_ring, ebering_ghost_rock_garden
D:7:      cheibrodos_statue_roulette, layout_basic, uniq_maggie, uniq_joseph
D:8:      layout_rooms, serial_shops, shop, shop, shop,
          nicolae_shop_window_shopping, serial_bayou, serial_bayou_pond_e,
          serial_bayou_lagoon_a, serial_bayou_pond_e, serial_bayou_pond_a,
          uniq_gastronok
D:9:      layout_layer_cave, nicolae_overflow_crystal_walls
D:10:     layout_loops_corners, dpeg_oklobed_lair, minmay_ruined_shrine
Temple:   compressed_dpeg_triangle_lava_temple

Skill      XL: |  1  2  3  4  5  6  7  8  9 10 11 |
---------------+----------------------------------+-----
Long Blades    | 3 4 5 6 8 10 11 12 | 12.4
Shields        | 4 6 7 9 10 12 | 12.7
Armour         | 4 5 6 7 9 |  9.6
Fighting       | 4 5 6 7 9 |  9.5

Action                   |  1- 3 |  4- 6 |  7- 9 | 10-12 || total
-------------------------+-------+-------+-------+-------++-------
Melee: Long sword        |    89 |   109 |   291 |   296 ||   785
       Headbutt          |    12 |    23 |    69 |    61 ||   165
       Morningstar       |       |       |       |     3 ||     3
Throw: Boomerang         |       |       |     2 |     8 ||    10
Invok: Sacrifice Purity  |       |     1 |       |       ||     1
       Reject Sacrifices |       |       |     1 |       ||     1
  Use: Scroll            |     8 |       |     3 |    10 ||    21
       Potion            |       |       |       |     3 ||     3
Armor: Scale mail        |    38 |       |       |       ||    38
       Chain mail        |     9 |    53 |   114 |       ||   176
       Plate armour      |       |       |    13 |   126 ||   139
Dodge: Dodged            |    28 |    29 |    63 |    60 ||   180
Block: Kite shield       |    59 |    75 |   146 |   202 ||   482
       Rpst.: Long sword |     5 |    10 |    19 |     8 ||    42

Table legend: (Time is in decaauts)
 A = Elapsed time spent in this place.
 B = Non-inter-level travel time spent in this place.
 C = Inter-level travel time spent in this place.
 D = Time resting spent in this place.
 E = Time spent auto-exploring this place.
 F = Levels seen in this place.
 G = Mean time per level.
                   A        B        C        D        E       F      G
               +--------+--------+--------+--------+--------+-----+--------+
         Total |  14571 |  14298 |    273 |   5872 |   6634 |  11 | 1324.6 |
       Dungeon |  14047 |  13774 |    273 |   5370 |   6633 |  10 | 1404.7 |
        Temple |    524 |    524 |      0 |    502 |      1 |   1 |  524.0 |
               +--------+--------+--------+--------+--------+-----+--------+

Top non-repeatable levels by time:
     D:7: 3170 daAuts
     D:8: 2127 daAuts
     D:9: 1599 daAuts
     D:6: 1557 daAuts
     D:3: 1265 daAuts
     D:4: 1152 daAuts
     D:1: 973 daAuts
    D:10: 861 daAuts
     D:5: 804 daAuts
     D:2: 534 daAuts
  Temple: 524 daAuts
